 Dungeon Crawl Stone Soup version 0.30-a0-476-g330ca2eb8e (webtiles) character file.

Game seed: 11845219989231714900

162 Jackthecabe the Conjurer (level 4, -2/33 HPs)
             Began as a Demigod Conjurer on Dec 21, 2022.
             Slain by an iguana (8 damage)
             ... on level 4 of the Dungeon.
             The game lasted 00:05:04 (3456 turns).

Jackthecabe the Conjurer (Demigod Conjurer)         Turns: 3456, Time: 00:05:05

Health: -2/33      AC:  6    Str:  8    XL:     4   Next: 99%
Magic:  2/11       EV: 12    Int: 24    God:
Gold:   198        SH:  0    Dex: 12    Spells: 6/9 levels left

rFire   . . .      SeeInvis .    (no weapon)
rCold   . . .      Faith    .    (no shield)
rNeg    . . .      Spirit   .    a - +0 robe
rPois   .          Reflect  .    s - +2 helmet
rElec   .          Harm     .    (no cloak)
rCorr   .          Rampage  .    k - +0 pair of gloves
Will    .....                    (no boots)
Stlth   ++........               (no amulet)
HPRegen 0.25/turn                (no ring)
MPRegen 0.12/turn                (no ring)

@: no status effects
A: high MP 1, forlorn, divine attributes
a: no special abilities


You were on level 4 of the Dungeon.
You visited 1 branch of the dungeon, and saw 4 of its levels.

You collected 198 gold pieces.


Innate Abilities, Weirdness & Mutations

You have an increased reservoir of magic. (+10% MP)
You shall have no god before yourself.
Your divine heritage dramatically boosts your attributes as you level up.


   Skills:
 - Level 1.7 Dodging
 - Level 1.7 Stealth
 - Level 3.0 Spellcasting
 + Level 5.3 Conjurations


You had 6 spell levels left.
You knew the following spells:

 Your Spells              Type           Power      Damage    Failure   Level
m - Magic Dart            Conj           100%       1d8       1%          1
s - Searing Ray           Conj           58%        2d6       1%          2

Your spell library contained the following spells:

 Spells                   Type           Power      Damage    Failure   Level
 Dazzling Flash           Conj/Hex       32%        N/A       11%         3
 Blink                    Tloc           6%         N/A       16%         2
 Fulminant Prism          Conj/Hex       8%         3d7       36%         4
 Iskenderun's Mystic Bla  Conj/Tloc      16%        2d5       36%         4
 Manifold Assault         Tloc           3%         N/A       71%         4
 Storm Form               Tmut/Air       1%         N/A       100%        7

Inventory:

Hand Weapons
 j - a +1 whip of holy wrath
Missiles
 c - a throwing net {=f}
 t - 14 poisoned darts
Armour
 a - a +0 robe (worn)
 i - a +0 helmet
 k - a +0 pair of gloves (worn)
 s - a +2 helmet (worn)
Wands
 l - a wand of light (8)
 r - a wand of polymorph (10)
Scrolls
 d - 7 scrolls of identify {unknown}
 e - a scroll of acquirement {unknown}
 f - 3 scrolls of magic mapping {unknown}
 g - a scroll of vulnerability {unknown}
 h - 2 scrolls of teleportation {unknown}
 n - 2 scrolls of noise {unknown}
 p - a scroll of fear {unknown}
 u - a scroll of torment {unknown}
 y - a scroll of immolation {unknown}
Potions
 b - 2 potions of magic
 m - 2 potions of ambrosia {unknown}
 o - a potion of lignification {unknown}
 q - 2 potions of heal wounds {unknown}
 v - a potion of mutation {unknown}
 w - a potion of curing {unknown}
 x - a potion of degeneration {unknown}
 z - a potion of invisibility {unknown}

Dungeon Overview and Level Annotations

Branches:
Dungeon (4/15)
 Temple: D:4-7

Annotations:
D:3 Sigmund

......▒......##
#.###.........#
#<# #.......†.#
##.####.8.8.8..#
...............#
###..#####..#..###
# #..............#
##.######.####.# #
##.# #.# #@#
###..# #.## #l#
...#.# #..# #.#
##.#.# ##.# #.#
...#.# #.# #.#
####.#######.# #.#
#.........# #.#
#########.# #.#
#.# #.#


You could see an iguana.


Message History

The iguana is heavily wounded.
Unknown command.
The iguana attacks as you move away! The iguana closely misses you.
The iguana attacks as you move away! The iguana barely misses you.
The iguana attacks as you move away!
The iguana bites you but does no damage.
The iguana attacks as you move away! The iguana closely misses you.
The iguana attacks as you move away! The iguana bites you!
The iguana attacks as you move away!
The iguana bites you but does no damage.
The iguana attacks as you move away! The iguana bites you.
The iguana attacks as you move away! The iguana bites you.
The iguana attacks as you move away!
The iguana bites you but does no damage.
The iguana attacks as you move away! The iguana bites you!
* * * LOW HITPOINT WARNING * * *
The iguana attacks as you move away! The iguana bites you.
* * * LOW HITPOINT WARNING * * *
Casting: Searing Ray (safe; 1% risk of failure)
Confirm with . or Enter, or press ? or * to list all spells.
You don't know that spell.
Casting: Searing Ray (safe; 1% risk of failure)
Confirm with . or Enter, or press ? or * to list all spells.
Aiming: Searing Ray (safe; 1% risk of failure)
Press: ? - help, Shift-Dir - straight line, f/p - iguana
Aim: an iguana (moderately wounded, 82% to hit)
The searing ray misses the iguana. (Press . to maintain the ray.)
The iguana bites you!
You die...

Skill      XL: |  1  2  3  4 |
---------------+-------------+-----
Spellcasting   | 2 3 |  3.0
Conjurations   | 4 5 |  5.3
Dodging        | |  1.7
Stealth        | |  1.7

Action                   |  1- 3 |  4- 6 || total
-------------------------+-------+-------++-------
 Cast: Magic Dart        |    73 |    48 ||   121
       Searing Ray       |     8 |     6 ||    14
Armor: Robe              |    10 |    10 ||    20
Dodge: Dodged            |    19 |    12 ||    31

Levels and vault maps discovered:
D:1:      dpeg_arrival_rhombi, layout_loops_corners,
          shapermc_ecumenical_altar_mp_urbaneastern, minmay_vboxes
D:2:      layout_basic
D:3:      layout_rooms, uniq_robin, uniq_sigmund
D:4:      layout_loops_ring, eat_drink_and_be_merry_uskayaw, serial_demonic,
          serial_demonic_g, serial_demonic_f, serial_demonic_g, serial_demonic_e

Notes
Turn   | Place    | Note
-------+----------+-------------------------------------------
     0 | D:1      | Jackthecabe the Demigod Conjurer began the quest for the
                  | Orb.
     0 | D:1      | Reached XP level 1. HP: 14/14 MP: 5/5
   205 | D:1      | Reached skill level 2 in Spellcasting
   442 | D:1      | Reached XP level 2. HP: 14/20 MP: 2/7
   943 | D:1      | Reached skill level 4 in Conjurations
  1453 | D:2      | Learned a level 2 spell: Searing Ray
  1577 | D:2      | Reached XP level 3. HP: 26/26 MP: 5/9
  2467 | D:2      | Reached XP level 4. HP: 29/33 MP: 7/11
  2504 | D:3      | Reached skill level 3 in Spellcasting
  2755 | D:3      | Noticed Sigmund
  2946 | D:3      | Reached skill level 5 in Conjurations
  3456 | D:4      | Slain by an iguana

Vanquished Creatures
  6 adders
  A shadow imp (D:4)
  An ufetubus (D:4)
  2 worms
  3 dart slugs
  12 orcs
  6 ball pythons
  4 endoplasms
  4 giant cockroaches
  9 hobgoblins
  2 jackals (D:2)
  A quokka (D:1)
  5 bats
  3 frilled lizards
  2 goblins
  7 kobolds
  4 rats
72 creatures vanquished.

Vanquished Creatures (others)
  4 demonic plants (D:4)
4 creatures vanquished.

Grand Total: 76 creatures vanquished

Table legend: (Time is in decaauts)
 A = Elapsed time spent in this place.
 B = Non-inter-level travel time spent in this place.
 C = Inter-level travel time spent in this place.
 D = Time resting spent in this place.
 E = Time spent auto-exploring this place.
 F = Levels seen in this place.
 G = Mean time per level.
                   A        B        C        D        E       F      G
               +--------+--------+--------+--------+--------+-----+--------+
         Total |   3460 |   3328 |    132 |    358 |   2477 |   4 |  865.0 |
       Dungeon |   3460 |   3328 |    132 |    358 |   2477 |   4 |  865.0 |
               +--------+--------+--------+--------+--------+-----+--------+

Top non-repeatable levels by time:
     D:1: 1340 daAuts
     D:2: 1282 daAuts
     D:3: 630 daAuts
     D:4: 207 daAuts

Table legend:
 A = Non-vault XP
 B = Vault XP
 C = Vault XP percentage of total XP
 D = Non-vault monster count
 E = Vault monster count
 F = Vault count percentage of total count
                 A         B        C        D         E       F
            +---------+---------+-------+---------+---------+-------
      Total |     205 |      27 |  11.6 |      65 |       7 |   9.7
            +---------+---------+-------+---------+---------+-------
        D:1 |      21 |       7 |  25.0 |      11 |       5 |  31.2
        D:2 |      89 |       0 |   0.0 |      30 |       0 |   0.0
        D:3 |      65 |       0 |   0.0 |      20 |       0 |   0.0
        D:4 |      30 |      20 |  40.0 |       4 |       2 |  33.3
            +---------+---------+-------+---------+---------+-------
